 Dungeon Crawl Stone Soup version 0.25-a0-346-g140ab784a8 (webtiles) character file.

Game seed: 6020596826642622940, levelgen mode: deterministic

126 BritishOli the Slasher (level 4, -5/35 HPs)
             Began as a Demonspawn Gladiator on Jan 1, 2020.
             Killed from afar by an orc wizard (8 damage)
             ... with a puff of flame
             ... on level 3 of the Dungeon.
             The game lasted 00:02:05 (2161 turns).

BritishOli the Slasher (Demonspawn Gladiator)       Turns: 2161, Time: 00:02:05

Health: -5/35      AC:  7    Str: 19    XL:     4   Next: 84%
Magic:  4/4        EV: 13    Int: 10    God:
Gold:   171        SH:  0    Dex: 14    Spells: 3/3 levels left

rFire    . . .     SeeInvis .   a - +0 long sword
rCold    . . .     Gourm    .   (no shield)
rNeg     . . .     Faith    .   b - +0 leather armour
rPois    .         Spirit   .   c - +0 helmet
rElec    .         Reflect  .   o - +0 cloak
rCorr    +         Harm     .   (no gloves)
MR       .....                  (no boots)
Stlth    +.........             (no amulet)
HPRegen  0.11/turn              h - +4 ring of strength
MPRegen  0.09/turn              q - ring of resist corrosion

@: no status effects
A: iridescent scales 1
a: no special abilities


You were on level 3 of the Dungeon.
You were not hungry.

You visited 1 branch of the dungeon, and saw 3 of its levels.

You collected 171 gold pieces.

Inventory:

Hand Weapons
 a - a +0 long sword (weapon)
Missiles
 d - 3 throwing nets (quivered)
Armour
 b - a +0 leather armour (worn)
 c - a +0 helmet (worn)
 o - a +0 cloak (worn)
Jewellery
 h - a +4 ring of strength (left hand)
 q - a ring of resist corrosion (right hand)
Scrolls
 j - a scroll of enchant weapon {unknown}
 k - a scroll of immolation {unknown}
 l - a scroll of magic mapping {unknown}
 m - 3 scrolls of identify {unknown}
Potions
 e - 3 potions of heal wounds {unknown}
 g - a potion of haste {unknown}
 i - 2 potions of curing {unknown}
 n - a potion of agility {unknown}
Comestibles
 f - 4 rations
 p - 3 chunks of flesh


   Skills:
 + Level 3.2 Fighting
 + Level 3.6 Long Blades
 - Level 2.0 Throwing
 + Level 3.6 Dodging


You had 3 spell levels left.
You didn't know any spells.
Your spell library was empty.

Dungeon Overview and Level Annotations

Branches:
Dungeon (3/15)

Altars:
Dithmenos


Innate Abilities, Weirdness & Mutations

You are partially covered in iridescent scales. (AC +2)


Message History

The orc priest calls down the wrath of Beogh upon you.
Beogh smites you!
A rat comes into view.
There is a stone staircase leading down here.
The orc wizard casts a spell at you. The magic dart hits you!
The orc priest looks satisfied for a moment.
A puff of flame appears from out of thin air!
The puff of flame hits you!
* * * LOW HITPOINT WARNING * * *
You hear some strange, mumbled words.
An orc wizard appears from thin air!
Reactivating autopickup.
The orc wizard points at you and mumbles some strange words.
The magic dart hits you.
* * * LOW HITPOINT WARNING * * *
The orc wizard hits you but does no damage.
The orc wizard gestures at you while chanting.
The puff of flame hits you!
You die...

#########...# #.....r....## ...
#.####.#...#. ... #r# #.##..##
... ###.####.##...# .# #########
#......#r#..... .# #(......#
#.#....#.......
.###.......########.########.#..#
..............).@.o.........r{..o
####..((.†.########.####.#......#
................ ...# #.###..#
#..........##### ##.# #. #...
#......##### .. #. #.##
#........# #.. . #.# #........#
... # ..# #........# ...# ...
.......###


You could see an orc wizard.

Vanquished Creatures
  6 adders (D:2)
  An ooze (D:1)
  4 dart slugs (D:1)
  2 leopard geckos (D:1)
  2 giant cockroaches (D:1)
  8 goblins
  4 hobgoblins
  4 jackals (D:3)
  7 ball pythons
  7 bats
  4 frilled lizards
  5 kobolds
  8 rats
62 creatures vanquished.

Notes
Turn   | Place    | Note
-------+----------+-------------------------------------------
     0 | D:1      | BritishOli the Demonspawn Gladiator began the quest for the
                  | Orb.
     0 | D:1      | Reached XP level 1. HP: 16/16 MP: 1/1
    69 | D:1      | Gained mutation: You are partially covered in iridescent
                  | scales. (AC +2) [demonic ancestry]
    69 | D:1      | Reached XP level 2. HP: 7/22 MP: 2/2
   602 | D:1      | Reached XP level 3. HP: 28/28 MP: 3/3
  1414 | D:2      | Reached XP level 4. HP: 22/34 MP: 4/4
  2103 | D:3      | Found a shadowy altar of Dithmenos.
  2161 | D:3      | Killed from afar by an orc wizard

Levels and vault maps discovered:
D:1:      lemuel_arrival_river_ford, layout_basic, glass_columns_c,
          hangedman_decor_push, serial_park_tiny_2, chequers_avenue
D:2:      layout_rooms, first_ration, minmay_snake_closets
D:3:      layout_basic, nicolae_dithmenos_through_a_glass_darkly,
          lemuel_round_altar

Skill      XL: |  1  2  3  4 |
---------------+-------------+-----
Throwing       | 2 |  2.0
Long Blades    | 3 |  3.6
Dodging        | 3 |  3.6
Fighting       | 3 |  3.2

Action                   |  1- 3 |  4- 6 || total
-------------------------+-------+-------++-------
Melee: Long sword        |   105 |    67 ||   172
 Stab: Sleeping          |     1 |     1 ||     2
  Eat: Chunk             |     2 |     2 ||     4
Armor: Leather armour    |    46 |    25 ||    71
Dodge: Dodged            |    87 |    65 ||   152
       Rpst.: Long sword |    25 |    18 ||    43

Table legend:
 A = Non-vault XP
 B = Vault XP
 C = Vault XP percentage of total XP
 D = Non-vault monster count
 E = Vault monster count
 F = Vault count percentage of total count
                 A         B        C        D         E       F
            +---------+---------+-------+---------+---------+-------
      Total |      94 |      87 |  48.1 |      51 |      11 |  17.7
            +---------+---------+-------+---------+---------+-------
        D:1 |      53 |       0 |   0.0 |      25 |       0 |   0.0
        D:2 |      21 |      87 |  80.6 |      14 |      11 |  44.0
        D:3 |      20 |       0 |   0.0 |      12 |       0 |   0.0
            +---------+---------+-------+---------+---------+-------
